 Dungeon Crawl Stone Soup version 0.31-a0-1370-gf52a5a9ab3 (webtiles) character file.

Game seed: 10326103948934799506

272 MisterAzrael the Ruffian (level 6, -2/29 HPs)
             Began as an Octopode Shapeshifter on Dec 23, 2023.
             Slain by a gnoll
             ... wielding a +0 spear
              (4 damage)
             ... on level 4 of the Dungeon.
             The game lasted 00:05:33 (3354 turns).

MisterAzrael the Ruffian (Octopode Shapeshifter)    Turns: 3354, Time: 00:05:33

Health: -2/29      AC:  1    Str: 16    XL:     6   Next: 23%
Magic:  6/6        EV: 17    Int: 12    God:
Gold:   168        SH:  0    Dex: 11    Spells: 5/5 levels left

rFire   . .          .
                       - Unarmed
rCold   . . .        (shield currently unavailable)
rNeg    . . .        (helmet restricted)
rPois   .            (no amulet)
rElec   .            (no ring)
rCorr   .            (no ring)
SInv    .            (no ring)
Will    .....        (no ring)
Stlth   +            (no ring)
HPRegen 0.24/turn    (no ring)
MPRegen 0.10/turn    (no ring)
                     (no ring)

%: no passive effects
@: flux-form, very slightly contaminated, glowing
A: glow, contaminating, reduced hp, almost no armour, amphibious, 8 rings,
camouflage 1, gelatinous body 1, (nimble swimmer 1), tentacles
a: Begin Untransformation


You were on level 4 of the Dungeon.
You were something dangerously unstable.
You visited 1 branch of the dungeon, and saw 4 of its levels.

You collected 168 gold pieces.

Inventory:

Talismans
 b - a beast talisman
 c - a flux talisman (active)
 j - a flux talisman (active)
Scrolls
 g - 7 scrolls of identify {unknown}
 h - a scroll of immolation {unknown}
 i - 3 scrolls of enchant weapon {unknown}
 k - a scroll of blinking {unknown}
 m - a scroll of teleportation {unknown}
Potions
 a - 4 potions of lignification
 e - a potion of haste
 n - a potion of enlightenment {unknown}
 o - a potion of degeneration {unknown}


   Skills:
 - Level 1.0 Fighting
 - Level 2.0 Dodging
 + Level 5.5 Unarmed Combat
 + Level 4.6 Shapeshifting


You had 5 spell levels left.
You didn't know any spells.
Your spell library was empty.

Dungeon Overview and Level Annotations

Branches:
Dungeon (4/15)
 Temple: D:4-7

Altars:
Kikubaaqudgha
Sif Muna
The Shining One


Innate Abilities, Weirdness & Mutations

You are something dangerously unstable.
You glow with magical radiation, making you easy to see and hit.
Foes you strike become dangerously contaminated with magical radiation.
Your maximum health is decreased, since you lack skill for your form.
You are incapable of wielding weapons or throwing items.
You cannot wear most types of armour.
You are amphibious.
You can wear up to eight rings at the same time.
Your skin changes colour to match your surroundings (Stealth+).
Your rubbery body absorbs attacks. (AC +1, EV +1)
((You are camouflaged when in or above water. (Stealth+)))
You have tentacles for arms and can constrict up to eight enemies at once.


Message History

There are monsters nearby!
You cannot move.
You cannot move.
It was a potion of brilliance.
You feel clever all of a sudden. The gnoll hits you but does no damage.
Okay, then.
You cannot move.
You cannot move.
You cannot move.
There are monsters nearby!
There are monsters nearby!
There are monsters nearby!
There are monsters nearby!
The gnoll hits you from afar with a +0 spear.
The gnoll hits you but does no damage.
An orc priest comes into view. It is wielding a +0 club.
The orc priest shouts!
The gnoll hits you from afar with a +0 spear.
* * * LOW HITPOINT WARNING * * *
The orc priest casts a cantrip, but nothing happens.
The gnoll hits you from afar with a +0 spear.
* * * LOW HITPOINT WARNING * * *
The gnoll hits you from afar with a +0 spear.
* * * LOW HITPOINT WARNING * * *
The orc priest calls down the wrath of Beogh upon you.
Beogh smites you!
* * * LOW HITPOINT WARNING * * *
You hear a shout!
The gnoll barely misses you.
A hobgoblin comes into view.
It was a potion of cancellation.
Your magical effects are unravelling.
You feel magically purged.
You are very lightly contaminated with residual magic.
You feel less wooden.
You turn into something dangerously unstable.
You feel yourself slow down.
You feel a little less clever now.
The gnoll hits you from afar with a +0 spear.
You die...

##.# >.g ####..
#....#######
#.##........
#.##........
######o#..g......
#..p)gogo........
#.####g..........
#.# #........... #.#
#........... #.#
#(...######### #.#
####.......... #.#
###<..## ##.##
##.....##
##...######.......##


You could see 2 orc priests, 3 gnolls, an orc and a hobgoblin.

Vanquished Creatures
  Jessica (D:2)
  Terence (D:2)
  An orc wizard (D:4)
  7 gnolls
  3 adders (D:2)
  A bombardier beetle (D:3)
  A worm (D:2)
  A dart slug (D:1)
  4 orcs
  6 endoplasms
  15 giant cockroaches
  6 hobgoblins
  7 kobolds
  6 quokkas
  5 ball pythons
  6 bats
  5 frilled lizards
  4 goblins
  6 rats
86 creatures vanquished.

Notes
Turn   | Place    | Note
-------+----------+-------------------------------------------
     0 | D:1      | MisterAzrael the Octopode Shapeshifter began the quest for
                  | the Orb.
     0 | D:1      | Reached XP level 1. HP: 13/13 MP: 1/1
   200 | D:1      | Reached XP level 2. HP: 16/18 MP: 2/2
   890 | D:2      | Reached skill level 4 in Unarmed Combat
   890 | D:2      | Reached XP level 3. HP: 21/23 MP: 3/3
   987 | D:2      | Noticed Jessica
   991 | D:2      | Killed Jessica
   992 | D:2      | Reached XP level 4. HP: 28/28 MP: 4/4
  1455 | D:2      | Reached XP level 5. HP: 5/33 MP: 5/5
  1811 | D:2      | Noticed Terence
  1821 | D:2      | Killed Terence
  1822 | D:2      | Reached skill level 5 in Unarmed Combat
  2811 | D:3      | Reached XP level 6. HP: 24/38 MP: 6/6
  3148 | D:3      | Found a shimmering blue altar of Sif Muna.
  3151 | D:3      | Found a glowing golden altar of the Shining One.
  3156 | D:3      | Found an ancient bone altar of Kikubaaqudgha.
  3351 | D:4      | HP: 2/57 [orc priest/divine providence (10)]
  3354 | D:4      | Slain by a gnoll

Illustrated notes

Levels and vault maps discovered:
D:1:      minmay_arrival_cross, layout_loops_ring, serial_bayou,
          serial_bayou_lagoon_b, serial_bayou_lagoon_a, serial_bayou_pond_d,
          serial_bayou_pond_e
D:2:      minmay_roachtagon, layout_basic, chequers_avenue,
          hangedman_abyss_or_decor_stabs, uniq_jessica, uniq_terence
D:3:      layout_basic, grunt_temple_overflow_diamond, gup_sewer_entry_bubbles,
          minmay_pentangle
D:4:      cheibrodos_pilgrimage, layout_loops_corners, ashenzari_altar_1

Skill      XL: |  1  2  3  4  5 |
---------------+----------------+-----
Unarmed Combat | 4 5 |  5.5
Shapeshifting  | 4 |  4.6
Fighting       | |  1.0
Dodging        | |  2.0

Action                     |  1- 3 |  4- 6 || total
---------------------------+-------+-------++-------
  Melee: Unarmed           |    61 |    93 ||   154
         Constrict         |    19 |    29 ||    48
         Tentacles         |    10 |    20 ||    30
         Punch             |     2 |     3 ||     5
    Use: Potion            |     1 |     6 ||     7
         Scroll            |       |     1 ||     1
   Stab: Sleeping          |     4 |    11 ||    15
 Armour: Skin              |    26 |    50 ||    76
  Dodge: Dodged            |    42 |    43 ||    85
   Form: Flux              |       |     1 ||     1

Table legend: (Time is in decaauts)
 A = Elapsed time spent in this place.
 B = Non-inter-level travel time spent in this place.
 C = Inter-level travel time spent in this place.
 D = Time resting spent in this place.
 E = Time spent auto-exploring this place.
 F = Levels seen in this place.
 G = Mean time per level.
                   A        B        C        D        E       F      G
               +--------+--------+--------+--------+--------+-----+--------+
         Total |   3333 |   3229 |    104 |    665 |   2041 |   4 |  833.2 |
       Dungeon |   3333 |   3229 |    104 |    665 |   2041 |   4 |  833.2 |
               +--------+--------+--------+--------+--------+-----+--------+

Top non-repeatable levels by time:
     D:3: 1280 daAuts
     D:2: 1171 daAuts
     D:1: 777 daAuts
     D:4: 104 daAuts
